Map: Beckett Industries LE

Players

flyrevciozz - Winner!

  • Race: Terran Terran
  • League: Master
  • Spawn Location: 7:00

Efem

  • Race: Zerg Zerg
  • League: Gold
  • Spawn Location: 1:00

VOD

Have the link to the VOD?

Description

Time

  • Played on: April 30, 2021, 3:31 p.m.
  • Length: 11:25
Show
View Real Time Build Order
Export as new Build Order

flyrevciozz Terran - Winner!

Build Orders: 2 Factory 

Get SALT Encoding   

  12  0:00  SCV  
  13  0:12  SCV  
  14  0:17  Supply Depot  
  14  0:24  SCV  
  15  0:29  Refinery  
  15  0:38  SCV  
  16  0:47  Barracks  
  16  0:52  SCV  
  17  0:57  Refinery  
  17  1:04  SCV  
  18  1:16  SCV  
  19  1:35  Factory  
  19  1:39  Orbital Command  
  19  1:43  Reaper  
  20  1:54  Bunker  
  20  2:04  SCV  
  21  2:16  SCV  
  22  2:24  Factory  
  22  2:25  Factory Tech Lab  
  21  2:38  Supply Depot  
  21  2:43  SCV  
  21  2:47  Widow Mine  
  23  2:51  Armory  
  23  2:59  SCV  
  24  3:08  Factory Reactor  
  24  3:12  SCV  
  25  3:15  Bunker  
  27  3:21  Cyclone  
  26  3:36  SCV  
  27  3:48  Hellion  
  30  3:50  SCV  
  29  4:14  SCV  
  30  4:18  Command Center  
  30  4:28  Starport  
  30  4:29  SCV  
  30  4:31  Terran Ship Weapons Level 1  
  31  4:38  Supply Depot  
  31  4:51  Supply Depot  
  31  4:59  SCV, Widow Mine  
  34  5:02  Supply Depot  
  34  5:07  Fusion Core  
  34  5:11  SCV  
  35  5:18  Starport Tech Lab  
  35  5:21  Widow Mine  
  37  5:33  Factory Tech Lab  
  37  5:39  Orbital Command  
  37  5:47  Widow Mine  
  37  5:53  SCV  
  37  5:54  Battlecruiser  
  44  6:02  Drilling Claws  
  44  6:08  Widow Mine  
  46  6:11  Reaper  
  45  6:26  SCV  
  45  6:29  Widow Mine  
  48  6:47  Command Center  
  48  6:51  SCV  
  49  7:04  Widow Mine  
  49  7:05  Supply Depot, SCV  
  49  7:06  Supply Depot x2, Battlecruiser  
  49  7:08  Supply Depot  
  58  7:16  Terran Ship Weapons Level 2  
  56  7:31  SCV  
  56  7:34  Refinery x2  
  57  7:40  Starport  
  57  7:43  SCV  
  58  7:46  Orbital Command  
  56  7:57  Widow Mine  
  52  8:00  SCV  
  53  8:12  SCV x2  
  55  8:22  Widow Mine  
  55  8:24  SCV  
  53  8:27  Bunker  
  53  8:31  Engineering Bay, Orbital Command  
  51  8:34  Siege Tank  
  54  8:43  Widow Mine  
  36  9:21  Siege Tank  
  35  9:36  Orbital Command  
Show
View Real Time Build Order
Export as new Build Order

Efem Zerg 

Build Orders: Hatch First 

Get SALT Encoding   

  12  0:00  Drone  
  13  0:12  Overlord  
  13  0:16  Drone  
  14  0:31  Drone x2  
  16  0:50  Hatchery  
  16  0:54  Drone  
  16  0:56  Drone  
  17  1:00  Drone  
  18  1:11  Extractor  
  18  1:16  Spawning Pool  
  16  1:19  Drone  
  16  1:22  Drone  
  18  1:28  Drone  
  19  1:39  Drone  
  20  1:50  Drone  
  21  2:02  Queen x2  
  21  2:04  Zergling x4  
  27  2:15  Zergling x2  
  28  2:18  Overlord  
  28  2:48  Drone x2  
  28  2:49  Drone x2  
  32  2:56  Queen  
  32  2:57  Queen  
  32  2:58  Overlord x2  
  36  3:03  Metabolic Boost  
  36  3:35  Zergling x2  
  36  3:36  Zergling x18  
  46  3:51  Lair  
  46  3:53  Drone x2  
  47  4:17  Drone x3  
  47  4:18  Drone x2  
  47  4:20  Overlord x2  
  52  4:31  Extractor  
  51  4:32  Drone x2, Extractor  
  51  4:36  Evolution Chamber  
  51  4:39  Roach Warren  
  50  4:54  Drone x5  
  50  4:56  Drone x3  
  50  4:57  Drone x3  
  61  5:09  Drone  
  61  5:10  Drone x2, Extractor  
  63  5:21  Drone  
  60  5:44  Roach  
  60  5:45  Roach x2  
  60  5:47  Zerg Missile Weapons Level 1  
  66  5:57  Glial Reconstitution  
  66  5:59  Roach  
  66  6:00  Roach  
  66  6:26  Overlord x3  
  65  6:33  Drone x2  
  67  6:44  Overlord x3  
  67  6:48  Roach x3  
  67  6:49  Roach x3  
  79  6:57  Drone  
  79  6:58  Drone x5  
  83  7:01  Overseer x2  
  83  7:05  Overseer  
  83  7:37  Drone  
  84  7:38  Roach  
  84  7:39  Roach x8  
  84  7:42  Zerg Ground Armor Level 1  
  101  8:12  Roach x3  
  94  8:35  Spore Crawler  
  94  8:37  Spore Crawler x2  
  94  8:38  Spore Crawler  
  67  9:14  Ravager x4  
  67  9:15  Ravager x6  
  75  9:22  Queen  
  67  9:46  Spore Crawler  
  67  9:47  Spore Crawler x2  
Tags
 
Add a new tag
Caveats
  • Supply blocks, unpowered buildings, or Contaminate may cause inaccurate times.
  • Supply counts are checked every 10 seconds.